 Dungeon Sprint DCSS version 0.30-a0-1114-gd936c97349 (webtiles) character file.

Game seed: 15003270019947443705

1070 123456 the Fighter (level 8, -3/85 HPs)
             Began as a Minotaur Fighter on Apr 20, 2023.
             Was an Initiate of Gozag.
             Slain by a seven-headed hydra (5 damage)
             ... in the Dungeon (Sprint IX: "|||||||||||||||||||||||||||||").
             The game lasted 00:01:26 (446 turns).

123456 the Fighter (Minotaur Fighter)                Turns: 446, Time: 00:01:26

Health: -3/85      AC: 17    Str: 23    XL:     8   Next: 7%
Magic:  7/7        EV: 13    Int:  5    God:    Gozag
Gold:   104        SH:  0    Dex: 10    Spells: 7/7 levels left

rFire   . . .      SeeInvis .    n - +2 dire flail (heavy)
rCold   . . .      Faith    .    (shield currently unavailable)
rNeg    . . .      Spirit   .    o - +1 chain mail
rPois   .          Reflect  .    (helmet restricted)
rElec   .          Rampage  .    c - +0 cloak
rCorr   .          NoTele   +    (no gloves)
Will    .....                    a - +0 pair of boots Stlth
                                 (no amulet)
HPRegen 0.34/turn                q - +2 ring of protection
MPRegen 0.10/turn                p - +2 ring of evasion

@: mighty
A: horns 2, retaliatory headbutt
a: Renounce Religion, Potion Petition, Call Merchant, Bribe Branch


You were in the Dungeon.
You worshipped Gozag.
Gozag was aware of your devotion.
You visited 1 branch You collected 504 gold pieces.
You paid 400 gold pieces to Gozag.

Inventory:

Hand Weapons
 n - a +2 heavy dire flail (weapon)
Armour
 a - a +0 pair of boots (worn)
 c - a +0 cloak (worn)
 o - a +1 chain mail (worn)
Jewellery
 p - a +2 ring of evasion (right hand)
 q - a +2 ring of protection (left hand)
Wands
 m - a wand of acid (9)
Scrolls
 j - 2 scrolls of blinking
 l - 2 scrolls of amnesia
Potions
 e - 5 potions of curing
 g - a potion of haste
 h - 4 potions of magic
 i - a potion of berserk rage
 k - a potion of invisibility


   Skills:
 * Level 12.8 Fighting
 * Level 12.3 Maces & Flails
 + Level 9.4 Armour
 + Level 7.8 Dodging
 - Level 3.6 Shields


You had 7 spell levels left.
You didn't know any spells.
Your spell library was empty.

Dungeon Overview and Level Annotations

Branches:
Dungeon (1/1)

Altars:
Cheibriados
Dithmenos
Elyvilon
Fedhas
Gozag
Hepliaklqana
Kikubaaqudgha
Makhleb
Nemelex Xobeh
Okawaru
Qazlal
Ru
Sif Muna
Trog
Uskayaw
Vehumet
Wu Jian
Xom
Yredelemnul
Zin
The Shining One
Jiyva
Lugonu


Innate Abilities, Weirdness & Mutations

You have a pair of horns on your head.
You reflexively headbutt those who attack you in melee.


Message History

The seven-headed hydra bites you.
* * * LOW HITPOINT WARNING * * *
The seven-headed hydra bites you but does no damage.
The seven-headed hydra bites you!
* * * LOW HITPOINT WARNING * * *
The boulder beetle closely misses you.
You feel much better.
The seven-headed hydra barely misses you.
The seven-headed hydra misses you. The seven-headed hydra bites you.
The seven-headed hydra bites you but does no damage.
The seven-headed hydra barely misses you.
The seven-headed hydra bites you!
* * * LOW HITPOINT WARNING * * *
The seven-headed hydra bites you.
* * * LOW HITPOINT WARNING * * *
The boulder beetle bites you!
* * * LOW HITPOINT WARNING * * *
The brown ugly thing basks in the mutagenic energy from its kin and changes!
Unknown command.
Unknown command.
You feel much better.
The seven-headed hydra closely misses you.
The seven-headed hydra bites you.
* * * LOW HITPOINT WARNING * * *
The seven-headed hydra bites you!
* * * LOW HITPOINT WARNING * * *
The seven-headed hydra barely misses you.
The seven-headed hydra bites you but does no damage. x3
The boulder beetle bites you but does no damage.
You feel very mighty all of a sudden. The seven-headed hydra bites you!
* * * LOW HITPOINT WARNING * * *
The seven-headed hydra bites you but does no damage.
The seven-headed hydra bites you.
* * * LOW HITPOINT WARNING * * *
The seven-headed hydra bites you.
* * * LOW HITPOINT WARNING * * *
The seven-headed hydra misses you. The seven-headed hydra bites you.
You die...
Your body crumbles into a pile of gold.

▓.▓
▓.▓
▓J▓
▓C▓
▓u▓
▓u▓
▓D▓
▓@▓
$
▓B▓
$
▓.▓
$ $
▓)▓
$
▓.▓
$
▓.▓
▓)▓
$
▓[▓
▓.▓
$


You could see a boulder beetle, a seven-headed hydra (corroded), 2 ugly things,
a slime creature and a cyclops (corroded).

Vanquished Creatures
  A kobold demonologist (D)
  A troll (D)
  A wyvern (D)
  A vampire (D)
  A vampire mosquito (D)
  An orc warrior (D)
  A scorpion (D)
  An iguana (D)
  An adder (D)
  2 dart slugs (D)
  An orc (D)
  A quokka (D)
  A frilled lizard (D)
  2 goblins (D)
16 creatures vanquished.

Notes
Turn   | Place    | Note
-------+----------+-------------------------------------------
     0 | D        | 123456 the Minotaur Fighter began the quest for the Orb.
     0 | D        | Reached XP level 1. HP: 19/19 MP: 0/0
    10 | D        | Reached skill level 1 in Dodging
    18 | D        | Noticed a scorpion
    18 | D        | Noticed an iguana
    21 | D        | Reached skill level 5 in Fighting
    21 | D        | Reached XP level 2. HP: 27/29 MP: 1/1
    25 | D        | Reached skill level 5 in Maces & Flails
    25 | D        | Reached XP level 3. HP: 21/37 MP: 2/2
    34 | D        | Killed a scorpion
    35 | D        | Reached skill level 5 in Armour
    35 | D        | Reached XP level 4. HP: 24/47 MP: 3/3
   128 | D        | Found a snail-covered altar of Cheibriados.
   128 | D        | Found a shadowy altar of Dithmenos.
   128 | D        | Found a white marble altar of Elyvilon.
   128 | D        | Found a blossoming altar of Fedhas.
   128 | D        | Found an opulent altar of Gozag.
   129 | D        | Found a hazy altar of Hepliaklqana.
   130 | D        | Found a viscous altar of Jiyva.
   131 | D        | Found an ancient bone altar of Kikubaaqudgha.
   132 | D        | Found a corrupted altar of Lugonu.
   133 | D        | Found a burning altar of Makhleb.
   134 | D        | Found a sparkling altar of Nemelex Xobeh.
   135 | D        | Found an iron altar of Okawaru.
   136 | D        | Became a worshipper of Gozag Ym Sagoz the Greedy
   141 | D        | Found a stormy altar of Qazlal.
   142 | D        | Found a sacrificial altar of Ru.
   143 | D        | Found a shimmering blue altar of Sif Muna.
   144 | D        | Found a bloodstained altar of Trog.
   145 | D        | Found a hide-covered altar of Uskayaw.
   146 | D        | Found a radiant altar of Vehumet.
   147 | D        | Found an ornate altar of the Wu Jian Council.
   148 | D        | Found a shimmering altar of Xom.
   149 | D        | Found a basalt altar of Yredelemnul.
   150 | D        | Found a glowing silver altar of Zin.
   151 | D        | Found a glowing golden altar of the Shining One.
   214 | D        | Noticed an orc warrior
   214 | D        | Noticed a vampire
   214 | D        | Noticed a troll
   214 | D        | Noticed a wyvern
   214 | D        | Noticed a vampire mosquito
   214 | D        | Noticed a kobold demonologist
   218 | D        | Killed a kobold demonologist
   219 | D        | Reached skill level 10 in Fighting
   219 | D        | Reached skill level 5 in Dodging
   219 | D        | Reached XP level 5. HP: 54/58 MP: 4/4
   219 | D        | Reached XP level 6. HP: 61/66 MP: 5/5
   221 | D        | Killed a vampire mosquito
   222 | D        | Reached skill level 10 in Maces & Flails
   223 | D        | Killed a wyvern
   224 | D        | Reached XP level 7. HP: 41/74 MP: 6/6
   225 | D        | Killed a troll
   233 | D        | Killed a vampire
   239 | D        | Reached XP level 8. HP: 21/85 MP: 7/7
   434 | D        | Noticed a slime creature
   434 | D        | Noticed a cyclops
   434 | D        | Noticed a cyan ugly thing
   434 | D        | Noticed a boulder beetle
   434 | D        | Noticed a brown ugly thing
   434 | D        | Noticed a seven-headed hydra
   443 | D        | HP: 4/85 [seven-headed hydra (7)]
   446 | D        | Slain by a seven-headed hydra

Illustrated notes

Levels and vault maps discovered:
D:        linesprint [early_d, line_temple, items_1, d_10, items_2, lair_1,
          lair_end, items_3, orc_1, orc_end, items_4, d_15, swamp_1, shoals_1,
          snake_1, spider_1, d_20, vaults_1, items_5, swamp_end, shoals_end,
          snake_end, spider_end, vaults_end, d_27, items_6, zot_1, zot_end,
          crypt_end, forest_end, elf_end, slime_end, tomb_end, abyss_end,
          pan_hell_end]

Skill      XL: |  1  2  3  4  5  6  7 |
---------------+----------------------+-----
Fighting       | 5 7 10 11 12 | 12.8
Maces & Flails | 4 5 6 9 11 12 | 12.3
Armour         | 4 5 7 8 9 |  9.4
Dodging        | 1 2 3 5 6 7 |  7.8
Shields        | |  3.6

Action                     |  1- 3 |  4- 6 |  7- 9 || total
---------------------------+-------+-------+-------++-------
  Melee: Flail             |    24 |       |       ||    24
         Headbutt          |     3 |       |     7 ||    10
         Dire flail        |       |     8 |    19 ||    27
 Invoke: Potion Petition   |       |       |     1 ||     1
  Evoke: Wand              |       |       |     1 ||     1
    Use: Potion            |       |       |     4 ||     4
   Stab: Distracted        |       |       |     1 ||     1
 Armour: Scale mail        |     1 |       |       ||     1
         Chain mail        |       |     5 |    34 ||    39
  Dodge: Dodged            |    11 |     5 |    35 ||    51
  Block: Buckler           |     2 |       |       ||     2

Table legend: (Time is in decaauts)
 A = Elapsed time spent in this place.
 B = Non-inter-level travel time spent in this place.
 C = Inter-level travel time spent in this place.
 D = Time resting spent in this place.
 E = Time spent auto-exploring this place.
 F = Levels seen in this place.
 G = Mean time per level.
                   A        B        C        D        E       F      G
               +--------+--------+--------+--------+--------+-----+--------+
         Total |    453 |    453 |      0 |    265 |     23 |   1 |  453.0 |
       Dungeon |    453 |    453 |      0 |    265 |     23 |   1 |  453.0 |
               +--------+--------+--------+--------+--------+-----+--------+

Top non-repeatable levels by time:
       D: 453 daAuts
